 Dungeon Crawl Stone Soup version 0.27.1-3-gb3d3a73c9e (webtiles) character file.

Game seed: 10676684671876404216

166 Descartes the Covert (level 5, -3/27 HPs)
             Began as a Spriggan Delver on Oct 18, 2021.
             Killed from afar by Natasha (10 damage)
             ... with a magic dart
             ... on level 3 of the Dungeon.
             The game lasted 00:06:33 (4528 turns).

Descartes the Covert (Spriggan Delver)              Turns: 4528, Time: 00:06:34

Health: -3/27      AC:  2    Str:  9    XL:     5   Next: 22%
Magic:  6/6        EV: 38    Int: 11    God:
Gold:   115        SH:  0    Dex: 17    Spells: 4/4 levels left

rFire    . . .     SeeInvis +   s - +0 rapier
rCold    . . .     Faith    .   (shield restricted)
rNeg     . . .     Spirit   .   b - +0 robe
rPois    .         Reflect  .   (helmet restricted)
rElec    .         Harm     .   (no cloak)
rCorr    .         Rampage  .   (gloves unavailable)
Will     .....                  (boots unavailable)
Stlth    ++++......             w - amulet of the acrobat
HPRegen  0.09/turn              n - +4 ring of evasion
MPRegen  0.10/turn              (no ring)

@: acrobatic, very quick
A: very small, no large weapons, unfitting armour, see invisible, speed 3
a: no special abilities


You were on level 3 of the Dungeon.
You visited 1 branch of the dungeon, and saw 5 of its levels.

You collected 115 gold pieces.

Inventory:

Hand Weapons
 a - a +0 short sword
 s - a +0 rapier (weapon)
Missiles
 k - 69 stones (quivered)
 p - 8 arrows
Armour
 b - a +0 robe (worn)
 z - a scarf of invisibility
Magical Staves
 y - a staff of air
Jewellery
 n - a +4 ring of evasion (left hand)
 w - an amulet of the acrobat (around neck)
Wands
 g - a wand of digging (3)
Scrolls
 c - 2 scrolls of fog
 d - 2 scrolls of magic mapping
 e - a scroll of fear
 h - a scroll of blinking {unknown}
 l - a scroll of silence {unknown}
 m - 2 scrolls of noise {unknown}
 o - a scroll of teleportation {unknown}
 r - a scroll of amnesia {unknown}
 v - a scroll of identify {unknown}
 x - a scroll of immolation {unknown}
 A - a scroll of enchant armour {unknown}
Potions
 f - a potion of haste
 i - 2 potions of heal wounds {unknown}
 j - 3 potions of curing {unknown}
 q - a potion of resistance {unknown}
 t - a potion of brilliance {unknown}
 u - 2 potions of attraction {unknown}


   Skills:
 - Level 2.4 Fighting
 + Level 3.5 Short Blades
 + Level 4.3 Dodging
 + Level 9.1 Stealth


You had 4 spell levels left.
You didn't know any spells.
Your spell library contained the following spells:

 Spells                   Type           Power      Damage    Failure   Level
 Sandblast                Erth           0%         2d4       34%         1


Dungeon Overview and Level Annotations

Branches:
Dungeon (5/15)
 Temple: D:4-7

Altars:

Shops:
D:5 (

Annotations:
D:3 Natasha


Innate Abilities, Weirdness & Mutations

You are very small and have problems with some larger weapons.
You are too small for most types of armour.
You have supernaturally acute eyesight. (SInv)
You cover ground extremely quickly. (Speed+++)


Message History

You hit the adder.
The adder is heavily wounded.
You feel sick.
You are no longer poisoned.
The adder bites you. The kobold closely misses you.
You barely miss the adder.
The adder is heavily wounded.
The adder misses you. The kobold barely misses you. The adder bites you.
You are poisoned.
The adder poisons you!
You are too injured to fight recklessly!
You are too injured to fight recklessly!
You are too injured to fight recklessly!
You are too injured to fight recklessly!
You are too injured to fight recklessly!
You are too injured to fight recklessly!
You are too injured to fight recklessly!
You are too injured to fight recklessly!
You are too injured to fight recklessly!
You are too injured to fight recklessly!
You are too injured to fight recklessly!
You are too injured to fight recklessly!
You are too injured to fight recklessly!
You are too injured to fight recklessly!
You are too injured to fight recklessly!
You are too injured to fight recklessly!
You are too injured to fight recklessly!
You feel sick.
The kobold throws a stone.
The stone misses you.
You feel sick.
You feel sick.
You feel sick.
You feel sick.
You feel sick.
You feel sick.
You are no longer poisoned.
The hobgoblin completely misses you.
Natasha hisses angrily.
Natasha stares at you and mumbles some strange words.
The magic dart hits you!
You die...

.# #.# #.# #....... .#
######.# #.# ######## .#
#...S..# #.# # .# #.######
#.# # .# #.# #.# # .#
#.#########.# # .#
#.S.......#.#############
.#
###.............†......##
.# #..g..@.#.##########.##
.# #.......#.# #.## .#
#.......#.# #.## .#
#####.........# #.## .#
#.†........h..# #.## .#
#.#######.##..##########†##
.######.#
#.##...............
.....)..#
#.##...#####.....##
######..# #..gh..# #.#####


You could see Natasha, an adder and a hobgoblin.

Vanquished Creatures
  A centaur zombie (D:3)
  A gnoll (D:1)
  5 adders
  2 worms
  2 dart slugs
  9 ball pythons
  6 endoplasms
  7 goblins
  3 hobgoblins
  6 jackals (D:1)
  3 quokkas
  5 bats
  3 frilled lizards
  7 kobolds
  7 rats
67 creatures vanquished.

Vanquished Creatures (others)
  5 fungi (D:3)
  2 plants (D:3)
7 creatures vanquished.

Grand Total: 74 creatures vanquished

Notes
Turn   | Place    | Note
-------+----------+-------------------------------------------
     0 | D:5      | Descartes the Spriggan Delver began the quest for the Orb.
     0 | D:5      | Reached XP level 1. HP: 11/11 MP: 2/2
     7 | D:5      | Found Donyus's Weapon Emporium.
   217 | D:3      | Reached skill level 8 in Stealth
   217 | D:3      | Reached XP level 2. HP: 16/16 MP: 3/3
   702 | D:2      | Reached XP level 3. HP: 19/19 MP: 4/4
  1739 | D:1      | Reached XP level 4. HP: 23/23 MP: 5/5
  3544 | D:3      | Found a faded altar of an unknown god.
  3551 | D:3      | Noticed Natasha
  3554 | D:3      | Got Plato's Disquisition on the Mountains
  3840 | D:3      | Reached skill level 9 in Stealth
  3943 | D:3      | Reached XP level 5. HP: 18/27 MP: 6/6
  4528 | D:3      | Killed from afar by Natasha

Illustrated notes

Levels and vault maps discovered:
D:1:      ncdulo_watergridlock, layout_loops_ring
D:2:      layout_basic, grunt_decor_mini_mirrors, minmay_heptomino_o4
D:3:      layout_loops_ring, shapermc_ecumenical_altar_rom_forum, uniq_natasha
D:4:      layout_rooms, minmay_surrounded
D:5:      layout_cave_pools, temple_pool_b, serial_shops,
          nicolae_shop_window_shopping, nicolae_square_shop,
          kennysheep_mini_moat, shop, kennysheep_nub, uniq_eustachio

Skill      XL: |  1  2  3  4 |
---------------+-------------+-----
Stealth        | 8 9 |  9.1
Dodging        | 3 4 |  4.3
Short Blades   | 3 |  3.5
Fighting       | |  2.4

Action                   |  1- 3 |  4- 6 || total
-------------------------+-------+-------++-------
Melee: Short sword       |   131 |    81 ||   212
       Rapier            |       |    83 ||    83
 Stab: Sleeping          |    14 |    12 ||    26
       Distracted        |     1 |     1 ||     2
Armor: Robe              |    22 |    13 ||    35
Dodge: Dodged            |   113 |   166 ||   279
